Map: Catalyst LE

Players

Clem

  • Race: Terran Terran
  • League: Grandmaster
  • Spawn Location: 5:00

Serral - Winner!

  • Race: Zerg Zerg
  • League: Grandmaster
  • Spawn Location: 11:00

Event: WESG Barcelona European Finals 2017

VOD

Have the link to the VOD?

Description

Time

  • Played on: Nov. 24, 2017, 6:43 a.m.
  • Length: 9:10

All games in this series

Show
View Real Time Build Order
Export as new Build Order

Clem Terran 

Build Orders: Gas First Reaper Expand, Reaper Expand, Hellion Banshee, Mech 

Get SALT Encoding   

  12  0:00  SCV  
  13  0:12  SCV  
  14  0:17  Supply Depot  
  14  0:25  SCV  
  15  0:29  Refinery  
  15  0:38  SCV  
  16  0:45  Barracks  
  16  0:51  SCV  
  17  1:03  SCV  
  18  1:16  SCV  
  19  1:32  Reaper, Orbital Command  
  20  1:44  Command Center  
  20  1:55  Factory  
  20  1:59  SCV  
  21  2:06  Barracks Reactor  
  21  2:09  Supply Depot  
  21  2:13  SCV  
  22  2:17  Refinery  
  22  2:25  SCV  
  23  2:37  SCV  
  23  2:43  Starport  
  24  2:45  Hellion  
  24  2:46  Hellion  
  24  2:49  SCV  
  24  2:51  Barracks Tech Lab  
  29  2:57  Orbital Command  
  29  3:02  SCV  
  30  3:09  Hellion  
  32  3:14  SCV, Hellion  
  35  3:24  SCV  
  35  3:26  SCV  
  37  3:29  Supply Depot  
  37  3:32  Cloaking Field  
  37  3:34  Banshee  
  37  3:39  SCV  
  37  3:40  SCV  
  42  3:42  Hellion  
  42  3:46  Hellion  
  46  3:51  SCV  
  46  3:53  SCV, Supply Depot  
  48  4:01  Armory  
  48  4:04  SCV  
  48  4:05  SCV  
  48  4:08  Hellion  
  48  4:09  Hellion  
  54  4:15  Supply Depot  
  54  4:16  SCV  
  55  4:18  SCV  
  55  4:22  Banshee  
  59  4:31  Hellion  
  61  4:32  SCV  
  61  4:37  SCV, Hellion  
  65  4:44  Command Center  
  65  4:48  Supply Depot  
  65  4:52  SCV  
  66  4:54  SCV  
  67  5:00  Hellion  
  67  5:04  SCV  
  67  5:05  Hellion  
  67  5:06  SCV  
  70  5:14  Barracks Tech Lab  
  68  5:17  SCV  
  68  5:19  SCV, Factory, Starport Reactor  
  68  5:20  Factory  
  62  5:21  Hellion  
  62  5:22  Refinery  
  62  5:23  Refinery  
  62  5:27  Terran Vehicle Weapons Level 1  
  59  5:30  SCV, Supply Depot  
  59  5:31  SCV  
  61  5:40  Hellion  
  61  5:42  SCV  
  62  5:43  SCV  
  62  5:45  Hellion  
  65  5:54  SCV  
  65  5:55  SCV  
  67  6:01  Hellion  
  68  6:05  Orbital Command  
  68  6:06  SCV, Hellion  
  68  6:07  SCV  
  71  6:13  Thor  
  77  6:25  Thor  
  83  6:27  SCV, Hellion  
  83  6:28  Hellion  
  83  6:30  SCV x2  
  87  6:40  SCV, Medivac x2  
  87  6:44  Factory  
  87  6:45  Supply Depot  
  87  6:46  Supply Depot, Orbital Command  
  89  6:47  Factory  
  89  6:48  SCV  
  89  6:52  SCV  
  89  6:53  Supply Depot  
  91  6:54  Supply Depot  
  91  6:57  Supply Depot  
  91  6:59  Hellion  
  93  7:04  Supply Depot, Refinery  
  93  7:05  SCV x2  
  93  7:06  Refinery  
  95  7:12  SCV  
  96  7:17  SCV  
  96  7:19  Siege Tank x2  
  96  7:21  Hellion  
  106  7:22  SCV  
  106  7:29  SCV  
  107  7:31  Hellion  
  107  7:35  Factory Tech Lab, Factory Reactor  
  107  7:36  SCV  
  107  7:37  SCV  
  111  7:43  Hellion  
  113  7:48  SCV  
  113  7:49  SCV  
  113  7:51  Siege Tank  
  106  7:53  Hellion  
  106  7:57  Viking  
  110  7:59  SCV  
  110  8:00  SCV, Supply Depot  
  110  8:05  Hellion  
  114  8:06  Command Center  
  114  8:09  Siege Tank  
  114  8:12  Viking  
  119  8:13  Hellion  
  119  8:14  Hellion  
  119  8:17  Siege Tank  
  124  8:26  Hellion, Siege Tank  
  129  8:35  Hellion  
  129  8:36  Engineering Bay  
  129  8:38  Supply Depot  
  129  8:40  Supply Depot  
  131  8:41  Supply Depot  
  131  8:42  Supply Depot  
  131  8:43  Hellion  
  131  8:46  Hellion  
  131  8:47  SCV x2, Hellion  
  131  8:48  SCV  
Show
View Real Time Build Order
Export as new Build Order

Serral Zerg - Winner!

Build Orders: Pool First 

Get SALT Encoding   

  12  0:01  Drone  
  13  0:14  Overlord  
  13  0:17  Drone  
  14  0:32  Drone x2  
  16  0:36  Drone  
  17  0:46  Extractor  
  17  0:47  Drone  
  17  0:50  Spawning Pool  
  16  0:57  Drone  
  17  1:08  Drone  
  18  1:19  Hatchery  
  18  1:22  Drone  
  18  1:37  Queen  
  18  1:38  Zergling x2  
  21  1:46  Metabolic Boost  
  21  1:51  Overlord  
  21  1:55  Zergling x2  
  22  2:09  Drone  
  22  2:12  Drone  
  22  2:13  Queen  
  26  2:23  Drone  
  27  2:30  Drone  
  27  2:31  Queen  
  27  2:34  Drone  
  31  2:44  Drone  
  31  2:45  Drone x3  
  31  2:48  Pneumatized Carapace  
  35  2:53  Overlord  
  35  2:55  Zergling x2  
  35  3:13  Zergling x2, Hatchery  
  35  3:15  Drone  
  35  3:18  Drone  
  37  3:21  Drone  
  37  3:24  Overlord  
  38  3:27  Zergling x2  
  38  3:28  Drone  
  38  3:31  Drone  
  41  3:38  Queen  
  43  3:44  Lair  
  43  3:45  Drone  
  43  3:47  Drone  
  45  3:53  Zergling x4  
  45  3:54  Overlord  
  47  3:57  Drone  
  47  3:59  Drone  
  47  4:01  Drone  
  49  4:03  Drone  
  49  4:09  Drone, Baneling Nest  
  50  4:10  Drone  
  50  4:14  Extractor  
  50  4:15  Queen  
  52  4:20  Zergling x4  
  52  4:21  Drone  
  52  4:23  Drone  
  56  4:24  Drone  
  56  4:28  Spore Crawler  
  56  4:31  Queen  
  56  4:34  Zergling x2  
  56  4:38  Drone, Spore Crawler  
  59  4:41  Drone  
  59  4:45  Overseer, Drone x2  
  62  4:52  Baneling x5  
  63  4:53  Overlord  
  63  4:59  Queen  
  65  5:05  Zergling x2  
  65  5:18  Drone x3  
  65  5:19  Queen, Drone x6  
  73  5:27  Overlord  
  70  5:29  Overlord  
  70  5:32  Drone x2  
  70  5:33  Drone x2  
  70  5:35  Evolution Chamber, Extractor  
  73  5:41  Zergling x6  
  71  5:44  Spore Crawler  
  70  5:52  Zergling x6  
  70  5:55  Drone x2  
  75  6:02  Drone x4  
  78  6:04  Overlord  
  78  6:05  Zerg Missile Weapons Level 1  
  78  6:06  Drone x2  
  78  6:07  Hydralisk Den  
  79  6:11  Drone, Extractor  
  79  6:14  Overlord  
  79  6:16  Drone x4  
  83  6:21  Evolution Chamber, Extractor  
  81  6:29  Drone x3  
  83  6:35  Drone x2  
  83  6:38  Drone  
  83  6:39  Muscular Augments, Hatchery  
  81  6:40  Zergling x10  
  86  6:48  Overlord  
  86  6:52  Hydralisk x4  
  94  6:59  Hydralisk x3  
  100  7:04  Hydralisk x2  
  104  7:10  Overlord  
  104  7:14  Overlord  
  104  7:16  Overlord x3  
  104  7:22  Overlord x2  
  104  7:25  Baneling x10  
  104  7:30  Hydralisk x3  
  104  7:32  Zergling x2  
  104  7:34  Hydralisk  
  104  7:35  Zergling x2  
  104  7:36  Zergling x2  
  115  7:44  Baneling x2  
  115  7:45  Baneling  
  115  7:48  Hydralisk x3  
  115  7:49  Zergling x10  
  121  7:56  Hydralisk x3  
  121  7:57  Zergling x2  
  128  8:06  Zergling x2  
  128  8:07  Zergling x12  
  128  8:09  Overlord  
  135  8:15  Overlord  
  132  8:26  Zergling x18  
  141  8:37  Baneling x9  
  141  8:39  Overlord  
  140  8:47  Zergling x2  
  140  8:48  Zergling x10  
Tags
 
Add a new tag
Caveats
  • Supply blocks, unpowered buildings, or Contaminate may cause inaccurate times.
  • Supply counts are checked every 10 seconds.